 Dungeon Crawl Stone Soup version 0.22-a0-305-gd21a89c (webtiles) character file.

1536358 Gorice the Impregnable (level 27, 127/264 HPs)
             Began as a Minotaur Gladiator on Mar 25, 2018.
             Was a High Priest of Zin.
             Escaped with the Orb
             ... and 3 runes on Mar 30, 2018!
             The game lasted 08:33:51 (102256 turns).

Gorice the Impregnable (Minotaur Gladiator)       Turns: 102256, Time: 08:33:52

Health: 127/264    AC: 53    Str: 28    XL:     27
Magic:  36/36      EV: 16    Int: 25    God:    Zin [*****.]
Gold:   1688       SH:  0    Dex: 15    Spells: 31/46 levels left

rFire    + . .     SeeInvis .   a - +9 great sword of Xuicw {slice, rPois rN+ Int+8}
rCold    + . .     Gourm    .   (shield currently unavailable)
rNeg     + . .     Faith    .   s - +9 crystal plate armour
rPois    +         Spirit   +   z - +2 hat
rElec    +         Reflect  .   Y - +2 cloak
rCorr    +         Harm     .   h - +3 pair of gloves "Ifuemiol" {rPois MR+ rCorr Int+4}
MR       +++..                  H - +2 pair of boots
Stlth    ..........             G - amulet of guardian spirit
HPRegen  0.54/turn              c - ring "Momacec" {rCorr rPois rC+ Str+4 Dex+3}
MPRegen  0.25/turn              C - ring of Batipsum {rCorr rElec rF+ Slay+2}

@: no status effects
A: retaliatory headbutt, horns 2
0: Orb of Zot
}: 3/15 runes: barnacled, silver, gossamer
a: Recite, Vitalisation, Imprison, Sanctuary, Donate Gold, Renounce Religion


You escaped.
You worshipped Zin.
Zin was extremely pleased with you.
You were not hungry.

You visited 11 branches of the dungeon, and saw 53 of its levels.
You visited the Abyss 1 time.
You also visited: Sewer, Ice Cave and Desolation.

You collected 7381 gold pieces.
You spent 5227 gold pieces at shops.
You donated 466 gold pieces to Zin.

Inventory:

Hand Weapons
 a - the +9 great sword of Xuicw (weapon) {slice, rPois rN+ Int+8}
   (You found it on level 4 of the Shoals)

   It inflicts extra damage upon your enemies.
   It affects your intelligence (+8).
   It protects you from poison.
   It protects you from negative energy.
 B - a +9 blowgun
Missiles
 m - 5 javelins
 o - 9 needles of sleeping
 x - 20 silver javelins (quivered)
 D - 23 curare-tipped needles
 Q - 7 poisoned javelins
 W - 14 steel javelins
 Z - 9 throwing nets
Armour
 h - the +3 pair of gloves "Ifuemiol" (worn) {rPois MR+ rCorr Int+4}
   (You bought it in a shop on level 4 of the Depths)

   It affects your intelligence (+4).
   It protects you from poison.
   It affects your resistance to hostile enchantments.
   It protects you from acid and corrosion.
 s - a +9 crystal plate armour (worn)
 z - a +2 hat (worn)
 H - a +2 pair of boots (worn)
 Y - a +2 cloak (worn)
Jewellery
 c - the ring "Momacec" (left hand) {rCorr rPois rC+ Str+4 Dex+3}
   (You found it in the Desolation of Salt)

   [ring of resist corrosion]

   It affects your strength (+4).
   It affects your dexterity (+3).
   It protects you from cold.
   It protects you from poison.
 i - the ring "Wujaory" {rPois rN+ Dex+4 SInv Stlth+}
   (You found it on level 5 of the Vaults)

   [ring of poison resistance]

   It affects your dexterity (+4).
   It protects you from poison.
   It protects you from negative energy.
   It lets you see invisible.
   It makes you more stealthy.
 C - the ring of Batipsum (right hand) {rCorr rElec rF+ Slay+2}
   (You took it off a deep elf master archer on level 3 of the Elven Halls)

   [ring of resist corrosion]

   It affects your accuracy and damage with ranged weapons and melee attacks
   (+2).
   It protects you from fire.
   It insulates you from electricity.
 F - the ring "Uxeoloewue" {+Fly rElec rPois Str-5 Stlth+}
   (You found it on level 3 of the Crypt)

   [ring of poison resistance]

   It affects your strength (-5).
   It insulates you from electricity.
   It protects you from poison.
   It lets you fly.
   It makes you more stealthy.
 G - an amulet of guardian spirit (around neck)
 I - the amulet of the Lizard {-Tele +Inv rElec rN+ Regen+}
   (You found it on level 5 of the Vaults)

   [amulet of regeneration]

   It insulates you from electricity.
   It protects you from negative energy.
   It lets you turn invisible.
   It prevents most forms of teleportation.
   It increases your rate of regeneration.
Wands
 p - a wand of acid (78)
 u - a wand of digging (44)
 y - a wand of paralysis (52)
 A - a wand of scattershot (4)
Scrolls
 g - 21 scrolls of remove curse
 j - 7 scrolls of fear {!r}
 k - 18 scrolls of identify
 n - 13 scrolls of teleportation {!r}
 q - 6 scrolls of fog
 r - 2 scrolls of magic mapping {!r}
 O - a scroll of blinking
 R - a scroll of enchant weapon
 S - a scroll of brand weapon
Potions
 b - 4 potions of cancellation {!q}
 d - 15 potions of curing
 e - 9 potions of ambrosia
 l - 6 potions of agility {!q}
 v - 11 potions of brilliance {!q}
 w - a potion of haste {!q}
 E - 2 potions of might {!q}
 J - a potion of heal wounds {!q}
 K - 4 potions of invisibility {!q}
 L - 4 potions of mutation {!q}
 M - 8 potions of magic {!q}
 P - a potion of berserk rage
 U - a potion of resistance {!q}
Miscellaneous
 t - 2 sacks of spiders
 N - 2 phantom mirrors
 V - a lamp of fire
Comestibles
 f - 43 rations


   Skills:
 + Level 24.4 Fighting
 - Level 20.0 Long Blades
 - Level 16.0 Throwing
 + Level 24.4 Armour
 - Level 16.0 Dodging
 - Level 10.0 Spellcasting
 - Level 12.0 Hexes
 - Level 9.0 Charms
 - Level 9.1 Summonings
 - Level 9.0 Translocations
 - Level 7.0 Air Magic
 + Level 18.8 Invocations
 - Level 12.0 Evocations


You had 31 spell levels left.
You knew the following spells:

 Your Spells              Type           Power        Failure   Level  Hunger
p - Portal Projectile     Hex/Tloc       ######       1%          3    None
t - Tukima's Dance        Hex            ######..     1%          3    None
w - Spectral Weapon       Hex/Chrm       ######..     1%          3    None
A - Apportation           Tloc           ######       1%          1    None
B - Summon Butterflies    Summ           ######..     1%          1    None
J - Blink                 Tloc           N/A          1%          2    None
S - Swiftness             Chrm/Air       ######..     1%          2    None


Dungeon Overview and Level Annotations

Branches:
Dungeon (15/15)            Temple (1/1) D:7            Lair (6/6) D:8
 Shoals (4/4) Lair:2       Spider (4/4) Lair:3        Slime (0/5) Lair:5
    Orc (2/2) D:9             Elf (3/3) Orc:2        Vaults (5/5) D:14
  Crypt (3/3) Vaults:2       Tomb (0/3) Crypt:3      Depths (5/5) D:15
    Zot (5/5) Depths:5

Altars:
Ashenzari
Cheibriados
Dithmenos
Elyvilon
Fedhas
Gozag
Hepliaklqana
Kikubaaqudgha
Makhleb
Nemelex Xobeh
Okawaru
Qazlal
Ru
Sif Muna
Trog
Uskayaw
Vehumet
Wu Jian
Xom
Yredelemnul
Zin
The Shining One
Jiyva
Lugonu

Shops:
D:9 :   D:14 [   Orc:2 %:%(   Elf:2 *   Shoals:3 *   Vaults:2 (   Vaults:4 (
Depths:4 *[

Portals:
Hell: Depths:1 Depths:2 Depths:3 Depths:4 Depths:5
Abyss: Depths:4
Pandemonium: Orc:2 Depths:3 Depths:5
Ziggurat: Depths:4

Annotations:
Lair:4 wow didn't ID 1st pot of heal wounds until now
Crypt:1 vpUX: 1 transporter


Innate Abilities, Weirdness & Mutations

You reflexively headbutt those who attack you in melee.
You have a pair of horns on your head.


Message History

Throwing (i - inventory. (/) - cycle)
x - 20 silver javelins (quivered)
Press: ? - help, Shift-Dir - straight line, f - Tzitzimitl
Aim: a Tzitzimitl
Okay, then.
You closely miss the Tzitzimitl. You slice the Tzitzimitl!!
Your headbutt misses the Tzitzimitl.
The Tzitzimitl is moderately wounded.
You cut the Tzitzimitl into ribbons!!!
The Tzitzimitl is severely wounded.
The Tzitzimitl engulfs you but does no damage.
The Tzitzimitl closely misses you.
You slice the Tzitzimitl!!
You kill the Tzitzimitl!
Zin accepts your kill.
(D) Dungeon (T) Temple (L) Lair (A) Shoals (N) Spider Nest (M) Slime Pits (O) Orcish Mines (E) Elven Halls (V) Vaults (C) Crypt (W) Tomb (U) Depths (H) Hell (Z) Zot
Where to? (* - list waypoints, Enter - D:5 @ (x,y), ? - help)
There is a stone staircase leading up here.
You climb upwards.
There is a stone staircase leading down here.
Items here: )) [[ a falchion; a shield; a scale mail; a trident
There is a stone staircase leading up, spattered with blood here.
You climb upwards.
There is a stone staircase leading down, spattered with blood here.
Things that are here:
a potion of degeneration {!q}; a robe; a dire flail
There is a stone staircase leading up here.
You climb upwards.
There is a stone staircase leading down here.
There is a stone staircase leading up here.
You climb upwards.
There is a stone staircase leading down here.
A shadow imp and a red devil come into view.
A lich comes into view.
Evoke which item? (* to show all) (? for menu, Esc to quit)
Aiming: Dig
Press: ? - help, Shift-Dir - straight line The rock shatters into small pieces.
The lich casts a spell.
The lich flickers and vanishes!
Deactivating autopickup; reactivate with Ctrl-A.
There is an open door here.
There is an open door here.
There is an escape hatch in the floor here.
There is an open door here.
There is a staircase leading out of the dungeon here.
You have escaped!

#....# #.#
#.######>. .....#
#.#
###########.........
.#.### #.#
#........#####...#.#
.#.# #.# #........#
#...#.# ##.# #.#
#........# #...#.#
#.# #.# ######'###
#.>.#.# #.# #.#
######รท# #..{...
#.# #.#
#...#.#######'##.#.
#.# #.#
#.@.##>##......#.'.
#.# #.#
#...###.#......###.
#.# #.#
#...'.>#'......# #.
#.# #.#
#...############ #.
#.# #.# #...# #. #.#
#.# ##.#.# ## #.#
#.# #..#.# #.# #.#
##..#.# #.# #.#
#...#.#


There were no monsters in sight!

Vanquished Creatures
  7 ancient liches
  8 orbs of fire (Zot:5)
  Mara (Shoals:4)
  A juggernaut (Depths:2)
  Boris (Crypt:2)
  Margery (Vaults:4)
  Saint Roka (Orc:2)
  5 curse toes
  23 caustic shrikes
  8 golden dragons
  A bone dragon (Depths:4)
  3 electric golems (Zot:5)
  2 Tzitzimimeh
  3 deep elf blademasters
  21 tentacled monstrosities
  23 Orb Guardians
  7 titans
  2 deep elf master archers (Elf:3)
  6 liches
  8 quicksilver dragons
  3 ancient champions
  A kraken (Shoals:2)
  10 death cobs
  A sphinx (shapeshifter) (Vaults:4)
  2 sphinxes (Vaults:4)
  An eldritch tentacle (Depths:1)
  Agnes (D:14)
  11 storm dragons
  Polyphemus (Shoals:2)
  3 revenants
  Roxanne (Shoals:2)
  7 tengu reavers
  Donald (Elf:1)
  8 draconian monks
  12 shadow dragons
  11 fire giants
  Ilsuiw (Shoals:4)
  4 draconian knights
  Louise (Elf:1)
  Aizul (Spider:1)
  4 balrugs
  8 draconian scorchers
  3 deep elf sorcerers (Elf:3)
  An imperial myrmidon (Desolation)
  5 frost giants
  12 vault wardens
  6 ghost moths
  2 orc warlords
  An iron dragon (Depths:5)
  7 emperor scorpions (Spider:4)
  6 curse skulls
  A cacodemon (Crypt:1)
  5 draconian shifters
  6 draconian annihilators
  A reaper (Zot:3)
  12 ghouls
  16 stone giants
  8 draconian stormcallers
  7 deep elf elementalists (Elf:3)
  15 ironheart preservers
  19 very ugly things
  A war gargoyle (Vaults:4)
  5 spriggan defenders
  2 entropy weavers
  2 halazid warlocks (Desolation)
  6 vampire knights
  10 black draconians
  6 deep elf demonologists
  15 green draconians
  Azrael (Orc:2)
  7 red draconians
  13 white draconians
  A spectral titan (Crypt:3)
  2 spark wasps (Depths:3)
  16 purple draconians
  9 deep elf annihilators
  10 yellow draconians
  6 eidola
  11 ettins
  4 merfolk javelineers
  6 deep elf death magi
  2 green deaths
  2 blizzard demons (IceCv)
  8 merfolk impalers
  A crystal guardian (Desolation)
  9 fire dragons
  11 ragged hierophants
  21 jiangshi
  8 great orbs of eyes
  The ghost of Amnesiac the Prestidigitator, a journeyman DgWz (Orc:2)
  20 yaktaur captains
  A spectral shadow dragon (Crypt:3)
  7 deep elf high priests
  6 hydras
  7 rakshasas
  2 spriggan air magi (Depths:4)
  9 servants of whispers (Desolation)
  30 vault guards
  A monstrous demonspawn (Depths:5)
  35 two-headed ogres
  5 ice dragons
  13 peacekeepers (Desolation)
  A merfolk avatar (Shoals:4)
  11 centaur warriors
  5 merfolk aquamancers (Shoals:4)
  2 catoblepae
  10 death yaks
  25 dancing weapons
  A spectral frost giant (Crypt:3)
  13 ogre magi
  7 death knights
  2 alligator snapping turtles
  7 deep troll earth magi
  14 deep troll shamans
  5 vampire magi
  2 satyrs
  4 thrashing horrors (Abyss:3)
  3 tengu warriors
  3 hell hogs (Zot:3)
  5 orc high priests (Orc:2)
  4 spectral storm dragons (Crypt:3)
  8 spriggan berserkers
  3 soul eaters
  A shock serpent (shapeshifter) (Depths:3)
  3 sun demons
  A fire crab (shapeshifter) (Depths:3)
  6 deep elf knights
  8 hell knights
  5 iron trolls (Depths:4)
  Sonja (D:13)
  The ghost of 4thArraOfDagon the Grappler, a novice DrIE of Fedhas (D:9)
  A wretched star (Abyss:3)
  16 shadow wraiths
  41 skeletal warriors
  A storm dragon skeleton (Crypt:1)
  35 deep trolls
  4 unseen horrors
  2 sixfirhies
  A torturous demonspawn (Orc:2)
  An infernal demonspawn (Depths:5)
  14 sea snakes
  A kraken simulacrum (Shoals:4)
  7 glowing orange brains
  5 flayed ghosts
  24 phantasmal warriors
  16 deep elf archers
  Pikel (D:5)
  23 orc knights
  9 wizards
  9 necromancers
  20 ironbrand convokers
  16 harpies
  A spectral wolf spider (Crypt:3)
  4 spectral ice dragons (Crypt:3)
  A manticore (shapeshifter) (Depths:3)
  A faun (shapeshifter) (Depths:3)
  A lindwurm (Lair:6)
  3 spectral fire dragons (Crypt:3)
  An oklob plant (Lair:1)
  19 orb spiders
  A golden dragon skeleton (Crypt:1)
  11 fauns
  10 cyclopes
  A wolf spider zombie (D:15)
  An orb spider (shapeshifter) (Depths:4)
  20 wolf spiders
  A frost giant zombie (Vaults:5)
  8 mana vipers (Depths:4)
  32 ugly things
  A salamander (Depths:1)
  61 deep elf magi
  20 moths of wrath
  13 orc sorcerers
  16 elephants
  A frost giant skeleton (Vaults:5)
  13 manticores
  3 rust devils
  An elephant (shapeshifter) (D:14)
  A fire giant skeleton (Vaults:5)
  5 ice statues
  A human skeleton (Vaults:5)
  5 water nymphs
  5 smoke demons
  19 vault sentinels
  A gargoyle (D:15)
  A water nymph (shapeshifter) (Depths:3)
  An elephant slug zombie (Crypt:2)
  7 merfolk sirens
  A storm dragon simulacrum (Crypt:1)
  4 torpor snails
  A shock serpent zombie (Crypt:3)
  2 guardian serpents (Desolation)
  A dire elephant skeleton (Crypt:3)
  6 spiny frogs
  An efreet (D:15)
  2 shock serpent skeletons (Crypt:1)
  64 yaktaurs
  2 rime drakes
  4 kobold demonologists
  A tormentor (Abyss:3)
  A komodo dragon (shapeshifter) (Vaults:4)
  8 komodo dragons
  18 demonic crawlers
  A redback zombie (Crypt:3)
  15 freezing wraiths
  16 ice devils
  A yellow draconian skeleton (Crypt:1)
  3 hellwings
  A golden dragon simulacrum (IceCv)
  An ancient zyme (Abyss:3)
  11 jumping spiders
  7 trolls
  6 meliai
  5 tengu conjurers
  A hornet (shapeshifter) (Depths:3)
  A silent spectre (Abyss:3)
  2 polar bears (Lair:6)
  A queen bee (D:7)
  A wolf spider simulacrum (Crypt:1)
  The ghost of Sharkov the Spear-Bearer, an amateur MfWn (D:4)
  Grinder (D:5)
  29 merfolk
  15 hornets
  A bog body (Crypt:1)
  A dream sheep (shapeshifter) (Vaults:4)
  A wind drake (shapeshifter) (Vaults:1)
  4 wind drakes
  A satyr zombie (Crypt:2)
  40 slime creatures
  13 dream sheep
  82 saltlings
  19 blink frogs
  A raiju (shapeshifter) (Vaults:1)
  5 raiju (Abyss:3)
  A fire dragon zombie (Crypt:1)
  9 hippogriffs
  A frost giant simulacrum (Vaults:1)
  3 snapping turtles
  An air elemental (Elf:2)
  22 flying skulls (Crypt:3)
  2 ettin zombies (Crypt:1)
  4 spriggans
  A satyr skeleton (Crypt:3)
  11 water elementals
  A fire dragon skeleton (Crypt:1)
  27 tarantellas
  A ynoxinul (Abyss:3)
  A redback (shapeshifter) (Depths:5)
  7 shadows
  44 redbacks
  3 fire elementals
  A wyvern (shapeshifter) (Vaults:5)
  2 tarantellas (shapeshifter) (Vaults:4)
  5 wraiths
  4 fire bats (Depths:1)
  43 yaks
  A black mamba skeleton (Crypt:2)
  2 wyverns
  A golden eye (shapeshifter) (Vaults:2)
  7 vampire mosquitoes
  2 basilisks
  2 chaos spawn
  2 dire elephant simulacra (IceCv)
  19 humans (D:14)
  6 hungry ghosts
  A neqoxec (D:9)
  A soldier ant (shapeshifter) (Depths:1)
  2 spatial vortices (Depths:1)
  A harpy simulacrum (IceCv)
  Edmund (D:5)
  An acid dragon (shapeshifter) (Elf:2)
  2 iron troll simulacra (IceCv)
  2 acid dragons
  2 insubstantial wisps (Depths:1)
  6 wargs
  A deep troll zombie (Crypt:2)
  5 large abominations (Abyss:3)
  2 soldier ants
  10 hell hounds
  11 water moccasins
  A two-headed ogre skeleton (Crypt:3)
  5 hydra simulacra
  A hornet zombie (Crypt:1)
  9 porcupines
  45 orc warriors
  A spiny frog zombie (Crypt:1)
  4 sky beasts
  An eye of draining (Abyss:3)
  4 black bears
  A human zombie (Vaults:1)
  6 necrophages
  4 phantoms
  34 ogres
  8 ice beasts
  13 wolves
  30 centaurs
  An elephant skeleton (Crypt:1)
  17 crocodiles
  8 boggarts
  5 big kobolds
  Blork the orc (D:3)
  A bullfrog (shapeshifter) (Vaults:3)
  2 gnoll sergeants
  13 bullfrogs
  2 glowing shapeshifter simulacra
  A deep troll simulacrum (Vaults:5)
  5 earth elementals
  4 scorpions
  A water moccasin skeleton (D:6)
  2 small abominations (Abyss:3)
  A human simulacrum (Vaults:3)
  A shapeshifter zombie (Crypt:1)
  A yak zombie (Crypt:1)
  28 killer bees
  16 wights
  A troll skeleton (Crypt:2)
  2 howler monkeys
  A bullfrog zombie (D:15)
  6 centaur zombies
  14 crimson imps
  3 quasits
  5 hounds
  3 iron imps
  6 jellies
  29 orc priests
  3 bullfrog skeletons
  3 centaur skeletons
  4 iguanas
  Ijyb (D:4)
  8 hell rats (Lair:1)
  12 worker ants
  19 orc wizards
  A killer bee zombie (Crypt:3)
  A big kobold zombie (Crypt:2)
  A centaur simulacrum (Crypt:1)
  A felid skeleton (Crypt:1)
  An ogre skeleton (Crypt:3)
  A big kobold skeleton (Crypt:3)
  2 hound zombies
  2 hound skeletons
  A howler monkey zombie (D:6)
  16 adders
  8 gnolls
  A howler monkey skeleton (D:6)
  16 river rats
  5 shadow imps
  A white imp (Depths:5)
  An ufetubus (Depths:5)
  5 oozes
  2 adder skeletons
  5 adder zombies
  A dart slug (D:3)
  3 worms
  6 leopard geckos
  113 orcs
  3 bat zombies (D:5)
  6 giant cockroaches
  12 goblins
  14 hobgoblins
  12 jackals
  27 kobolds
  12 quokkas
  8 ball pythons
  6 bats
  5 frilled lizards
  A jackal skeleton (Crypt:3)
  A kobold skeleton (Crypt:2)
  32 rats
  A rat skeleton (Crypt:1)
  A rat zombie (D:5)
  4 tentacles
2812 creatures vanquished.

Vanquished Creatures (others)
  A lich (Depths:1)
  A vault warden (Vaults:5)
  A fire dragon (Depths:5)
  An unseen horror (Vaults:1)
  A necromancer (Depths:5)
  2 deep elf magi (Elf:2)
  A moth of wrath (Zot:5)
  A demonic crawler (Spider:3)
  A hornet (Vaults:5)
  A human simulacrum (Vaults:1)
  3 orc warriors
  An ogre (Depths:3)
  2 orcs
  A block of ice (Depths:1)
  5 fungi (Lair:6)
  16 plants
  2 spectral weapons
  16 tentacles
57 creatures vanquished.

Grand Total: 2869 creatures vanquished

Notes
Turn   | Place    | Note
-------+----------+-------------------------------------------
     0 | D:1      | Gorice the Minotaur Gladiator began the quest for the Orb.
     0 | D:1      | Reached XP level 1. HP: 18/18 MP: 0/0
   121 | D:1      | Reached skill level 4 in Long Blades
   219 | D:1      | Reached XP level 2. HP: 25/25 MP: 1/1
   738 | D:2      | Reached skill level 5 in Long Blades
   891 | D:2      | Reached XP level 3. HP: 30/30 MP: 2/2
  1001 | D:2      | Found a faded altar of an unknown god.
  1204 | D:2      | Found a sacrificial altar of Ru.
  1208 | D:2      | Reached skill level 6 in Long Blades
  1208 | D:2      | Reached XP level 4. HP: 36/37 MP: 3/3
  1785 | D:3      | Found a glowing drain.
  1793 | Sewer    | Entered a sewer
  1802 | Sewer    | Reached XP level 5. HP: 42/42 MP: 4/4
  1854 | Sewer    | Reached skill level 7 in Long Blades
  2052 | Sewer    | Reached skill level 8 in Long Blades
  2217 | Sewer    | Reached XP level 6. HP: 39/50 MP: 5/5
  2232 | Sewer    | HP: 15/50 [poisoned by a big kobold]
  2238 | Sewer    | HP: 12/50 [poisoned by a big kobold]
  2243 | Sewer    | HP: 10/50 [poisoned by a big kobold]
  2249 | Sewer    | HP: 9/50 [poisoned by a big kobold]
  2257 | Sewer    | HP: 8/50 [poisoned by a big kobold]
  3163 | D:3      | Reached skill level 9 in Long Blades
  3553 | D:4      | Noticed Blork the orc
  3563 | D:3      | Reached XP level 7. HP: 56/56 MP: 6/6
  3630 | D:3      | HP: 16/56 [Blork the orc/magic dart (10)]
  3631 | D:3      | Killed Blork the orc
  3631 | D:3      | Reached skill level 10 in Long Blades
  3909 | D:4      | Noticed Sharkov's ghost (amateur MfWn)
  3948 | D:4      | Noticed Ijyb
  3964 | D:4      | Killed Ijyb
  4108 | D:4      | Killed Sharkov's ghost
  4108 | D:4      | Reached skill level 11 in Long Blades
  4122 | D:4      | Found a bloodstained altar of Trog.
  4124 | D:4      | Reached skill level 1 in Armour
  4319 | D:4      | Reached skill level 2 in Armour
  4319 | D:4      | Reached XP level 8. HP: 44/62 MP: 7/7
  4511 | D:4      | Found a stormy altar of Qazlal.
  4694 | D:4      | Reached skill level 3 in Armour
  4733 | D:4      | HP: 18/62 [gnoll/spear (1)]
  4736 | D:4      | HP: 8/62 [gnoll/spear (7)]
  5331 | D:5      | Entered Level 5 of the Dungeon
  5341 | D:5      | Reached skill level 4 in Armour
  5370 | D:5      | Noticed Grinder
  5386 | D:5      | Killed Grinder
  5386 | D:5      | Reached skill level 12 in Long Blades
  5386 | D:5      | Reached skill level 5 in Armour
  5520 | D:5      | Found a sparkling altar of Nemelex Xobeh.
  5520 | D:5      | Found a shimmering altar of Xom.
  6009 | D:5      | Found a snail-covered altar of Cheibriados.
  6101 | D:5      | Noticed Pikel
  6118 | D:5      | Killed Pikel
  6118 | D:5      | Reached skill level 6 in Armour
  6118 | D:5      | Reached XP level 9. HP: 46/68 MP: 8/8
  6135 | D:5      | Noticed Edmund
  6160 | D:5      | Killed Edmund
  6160 | D:5      | Reached skill level 7 in Armour
  6307 | D:5      | Found a glowing silver altar of Zin.
  6311 | D:5      | Became a worshipper of Zin the Law-Giver
  6311 | D:5      | Reached * piety under Zin
  6429 | D:5      | Reached ** piety under Zin
  6684 | D:5      | Found an ancient bone altar of Kikubaaqudgha.
  6832 | D:6      | Reached skill level 13 in Long Blades
  7071 | D:6      | Reached skill level 8 in Armour
  7095 | D:6      | Found a glowing golden altar of the Shining One.
  7271 | D:6      | Reached *** piety under Zin
  7438 | D:7      | Found a staircase to the Ecumenical Temple.
  7448 | Temple   | Entered the Ecumenical Temple
  7667 | D:7      | Reached skill level 9 in Armour
  7812 | D:7      | Reached **** piety under Zin
  8547 | D:8      | Noticed a queen bee
  8555 | D:7      | Reached skill level 14 in Long Blades
  8557 | D:7      | Reached XP level 10. HP: 47/74 MP: 9/9
  8773 | D:7      | Reached skill level 3 in Fighting
  8792 | D:8      | Reached skill level 10 in Armour
  8976 | D:8      | Reached skill level 4 in Fighting
  9413 | D:8      | Reached skill level 5 in Fighting
  9636 | D:8      | Found a sacrificial altar of Ru.
  9704 | D:8      | Reached skill level 6 in Fighting
  9704 | D:8      | Reached skill level 11 in Armour
  9797 | D:8      | Found a sparkling altar of Nemelex Xobeh.
  9809 | D:8      | Found a staircase to the Lair.
  9845 | D:8      | Found a blossoming altar of Fedhas.
  9872 | D:8      | Found a hazy altar of Hepliaklqana.
 10178 | D:8      | Reached ***** piety under Zin
 10456 | Lair:1   | Entered Level 1 of the Lair of Beasts
 10475 | Lair:1   | Noticed a spiny frog
 10492 | Lair:1   | Killed a spiny frog
 10619 | Lair:1   | Reached skill level 7 in Fighting
 10960 | Lair:1   | Noticed a spiny frog
 10975 | Lair:1   | Killed a spiny frog
 10976 | Lair:1   | HP: 26/88 [porcupine (6)]
 10981 | Lair:1   | HP: 17/88 [poisoned by a spiny frog]
 10984 | Lair:1   | Reached skill level 8 in Fighting
 10984 | Lair:1   | Reached skill level 12 in Armour
 11347 | Lair:1   | Reached XP level 11. HP: 92/94 MP: 10/10
 11393 | Lair:1   | Noticed a six-headed hydra
 11472 | D:9      | Noticed 4thArraOfDagon's ghost (novice DrIE)
 11484 | D:9      | Killed 4thArraOfDagon's ghost
 11879 | D:9      | Found Niulishru's Book Shoppe.
 12081 | D:8      | HP: 28/95 [troll (1)]
 12384 | D:9      | Reached skill level 9 in Fighting
 12452 | D:9      | Found an iron altar of Okawaru.
 12611 | D:9      | Found a staircase to the Orcish Mines.
 12665 | D:9      | Noticed a centaur warrior
 12688 | D:9      | Killed a centaur warrior
 12862 | D:9      | Reached skill level 13 in Armour
 13185 | Orc:1    | Entered Level 1 of the Orcish Mines
 13199 | Orc:1    | Noticed a two-headed ogre
 13318 | D:9      | Killed a two-headed ogre
 13318 | D:9      | Reached skill level 10 in Fighting
 13566 | Orc:1    | Noticed an orc sorcerer
 13571 | Orc:1    | Paralysed by an orc sorcerer for 6 turns
 13590 | Orc:1    | Killed an orc sorcerer
 14714 | D:10     | Entered Level 10 of the Dungeon
 14714 | D:10     | Noticed a centaur warrior
 14731 | D:10     | Killed a centaur warrior
 14731 | D:10     | Reached skill level 11 in Fighting
 14858 | D:10     | Reached skill level 14 in Armour
 14973 | D:10     | Noticed a two-headed ogre
 14984 | D:10     | Killed a two-headed ogre
 15332 | D:11     | Noticed a white ugly thing
 15350 | D:11     | Killed a white ugly thing
 15350 | D:11     | Reached XP level 12. HP: 67/110 MP: 6/11
 16410 | Lair:1   | Killed a six-headed hydra
 16410 | Lair:1   | Reached skill level 12 in Fighting
 17297 | Lair:2   | Reached skill level 15 in Armour
 17325 | Lair:2   | Reached ****** piety under Zin
 17336 | Lair:2   | Found a staircase to the Shoals.
 17478 | Lair:2   | Reached skill level 13 in Fighting
 18348 | Lair:2   | Upgraded the game from 0.22-a0-299-g43f9854 to 0.22-a0-301-gf0fe05c
 18348 | Lair:2   | Identified a scroll of acquirement
 18349 | Lair:2   | Found the +27 Lear's hauberk
 18701 | Lair:3   | Found a hole to the Spider Nest.
 19066 | Lair:3   | Noticed a six-headed hydra
 19083 | Lair:3   | Reached skill level 16 in Armour
 19135 | Lair:3   | Killed a six-headed hydra
 19135 | Lair:3   | Reached skill level 14 in Fighting
 19530 | Lair:4   | Reached skill level 1 in Invocations
 19536 | Lair:4   | Noticed a death yak
 19561 | Lair:3   | Killed a death yak
 19561 | Lair:3   | Reached XP level 13. HP: 88/124 MP: 10/13
 19679 | Lair:4   | Reached skill level 2 in Invocations
 19900 | Lair:4   | Reached skill level 3 in Invocations
 20389 | Lair:4   | Reached skill level 4 in Invocations
 20763 | Lair:5   | Found a runed door.
 20763 | Lair:5   | Found a viscous altar of Jiyva.
 20763 | Lair:5   | Found a staircase to the Slime Pits.
 20990 | Lair:6   | Entered Level 6 of the Lair of Beasts
 21086 | Lair:5   | Reached skill level 15 in Fighting
 21086 | Lair:5   | Reached skill level 5 in Invocations
 21395 | Lair:6   | Reached skill level 6 in Invocations
 21604 | Lair:6   | Reached skill level 7 in Invocations
 21752 | Lair:6   | Reached skill level 16 in Fighting
 21824 | Lair:6   | Reached skill level 8 in Invocations
 22036 | Lair:6   | Reached XP level 14. HP: 100/137 MP: 16/19
 22149 | Lair:6   | Reached skill level 3 in Throwing
 22383 | Lair:6   | Learned a level 1 spell: Apportation
 22385 | Lair:6   | Learned a level 1 spell: Summon Butterflies
 22388 | Lair:6   | Learned a level 2 spell: Blink
 22701 | Orc:2    | Entered Level 2 of the Orcish Mines
 22814 | Orc:2    | Noticed Azrael
 22838 | Orc:2    | Killed Azrael
 22845 | Orc:2    | Reached skill level 4 in Throwing
 22854 | Orc:2    | Reached skill level 9 in Invocations
 23085 | Orc:2    | Noticed Saint Roka
 23128 | Orc:2    | Killed Saint Roka
 23128 | Orc:2    | Reached skill level 5 in Throwing
 23287 | Orc:2    | Found a staircase to the Elven Halls.
 23952 | Orc:2    | Found Wustralyu's Food Boutique.
 24246 | Orc:2    | Reached skill level 6 in Throwing
 24250 | Orc:2    | Found Lofidghet's Food Shop.
 24270 | Orc:2    | Reached skill level 10 in Invocations
 24812 | Orc:2    | HP: 40/137 [soul eater/drain life (5)]
 24819 | Orc:2    | HP: 25/137 [soul eater (2)]
 25200 | Orc:2    | Reached skill level 7 in Throwing
 25206 | Orc:2    | Paralysed by an orc sorcerer for 4 turns
 25467 | Orc:2    | Noticed Amnesiac's ghost (journeyman DgWz)
 25496 | Orc:2    | Killed Amnesiac's ghost
 25590 | Orc:2    | Reached skill level 11 in Invocations
 25603 | Orc:2    | Paralysed by an orc sorcerer for 6 turns
 25616 | Orc:2    | Reached skill level 8 in Throwing
 25633 | Orc:2    | HP: 41/137 [poisoned by an orc sorcerer]
 25638 | Orc:2    | HP: 38/137 [poisoned by an orc sorcerer]
 25644 | Orc:2    | HP: 37/137 [poisoned by an orc sorcerer]
 25652 | Orc:2    | HP: 36/137 [poisoned by an orc sorcerer]
 25660 | Orc:2    | HP: 37/137 [poisoned by an orc sorcerer]
 25999 | Orc:2    | Found Geanoiq's Book Emporium.
 25999 | Orc:2    | Found Cech's Antique Weapon Shoppe.
 25999 | Orc:2    | Found a one-way gate leading to the halls of Pandemonium.
 27134 | D:12     | Reached XP level 15. HP: 136/144 MP: 22/22
 27904 | D:12     | Reached skill level 9 in Throwing
 28268 | D:13     | Noticed Sonja
 28268 | D:13     | Paralysed by Sonja for 3 turns
 28284 | D:13     | Killed Sonja
 28284 | D:13     | Reached skill level 12 in Invocations
 28907 | D:14     | Found Tuczesed's Armour Boutique.
 29012 | D:14     | Reached skill level 1 in Evocations
 29015 | D:14     | Reached skill level 10 in Throwing
 29099 | D:14     | Reached skill level 2 in Evocations
 29218 | D:14     | Identified the cursed +0 pair of boots of Wrong Decisions {*Slow rC+ rN+ Dex+6} (You found it on level 14 of the Dungeon)
 29416 | D:14     | Reached skill level 3 in Evocations
 29603 | D:14     | Noticed Agnes
 29622 | D:14     | Killed Agnes
 30155 | D:14     | Reached skill level 4 in Evocations
 30242 | D:14     | Reached skill level 11 in Throwing
 30277 | D:14     | Found a gate to the Vaults.
 30378 | D:15     | Entered Level 15 of the Dungeon
 30417 | D:15     | Reached skill level 5 in Evocations
 30947 | D:15     | Reached skill level 6 in Evocations
 31066 | D:15     | Found a staircase to the Depths.
 31479 | Spider:1 | Entered Level 1 of the Spider Nest
 31491 | Lair:3   | Reached skill level 12 in Throwing
 31499 | Lair:3   | Reached XP level 16. HP: 143/151 MP: 22/24
 31723 | Spider:1 | Reached skill level 7 in Evocations
 31777 | Spider:1 | Reached skill level 4 in Dodging
 31794 | Spider:1 | HP: 45/151 [poisoned by a redback]
 32285 | Spider:1 | Noticed Aizul
 32321 | Spider:1 | Killed Aizul
 32610 | Spider:1 | Reached skill level 5 in Dodging
 32747 | Spider:2 | Reached skill level 9 in Evocations
 32747 | Spider:2 | Reached XP level 17. HP: 158/158 MP: 25/25
 33694 | Spider:2 | Reached skill level 6 in Dodging
 33826 | Spider:2 | HP: 43/158 [demonic crawler (6)]
 33836 | Spider:2 | HP: 34/158 [wolf spider (7)]
 33848 | Spider:2 | HP: 33/158 [demonic crawler (2)]
 33853 | Spider:2 | HP: 28/158 [demonic crawler (7)]
 34746 | Spider:3 | Reached skill level 7 in Dodging
 34840 | Spider:3 | Reached skill level 10 in Evocations
 35733 | Shoals:1 | Entered Level 1 of the Shoals
 35733 | Shoals:1 | Found Emugg's Jewellery Boutique.
 35819 | Shoals:1 | Reached skill level 8 in Dodging
 36521 | Shoals:2 | Noticed Roxanne
 37005 | Shoals:2 | Reached skill level 9 in Dodging
 37224 | Shoals:2 | Noticed Polyphemus
 37245 | Shoals:2 | Killed Polyphemus
 37285 | Shoals:2 | Reached skill level 11 in Evocations
 37826 | Shoals:2 | Noticed a kraken
 37855 | Shoals:2 | Killed a kraken
 38085 | Shoals:2 | Killed Roxanne
 38090 | Shoals:2 | Identified Roxanne's Volume of Transmutation (You took it off Roxanne on level 2 of the Shoals)
 38387 | Shoals:3 | Reached skill level 10 in Dodging
 38490 | Shoals:3 | Found Ihorath's Assorted Antiques.
 38500 | Shoals:3 | Bought a pearl ring for 145 gold pieces
 38503 | Shoals:3 | HP: 42/158 [sea snake (8)]
 38510 | Shoals:3 | HP: 46/158 [merfolk/tomahawk (1)]
 38517 | Shoals:3 | HP: 46/158 [manticore (3)]
 38844 | Shoals:2 | Upgraded the game from 0.22-a0-301-gf0fe05c to 0.22-a0-303-g4a852b3
 39097 | Shoals:3 | Reached XP level 18. HP: 150/166 MP: 24/26
 39111 | Shoals:3 | Cast into level 3 of the Abyss (merfolk impaler)
 39113 | Abyss:3  | Found a corrupted altar of Lugonu.
 39159 | Abyss:3  | Reached skill level 12 in Evocations
 39322 | Abyss:3  | Noticed a Brimstone Fiend
 39660 | Abyss:3  | Noticed a Tzitzimitl
 39668 | Abyss:3  | HP: 45/166 [???[a lich] (30)]
 39680 | Abyss:3  | HP: 32/166 [smoke demon/divine providence (13)]
 39681 | Abyss:3  | Reached skill level 15 in Long Blades
 39740 | Abyss:3  | HP: 44/166 [raiju/living lightning (9)]
 39745 | Abyss:3  | HP: 19/166 [raiju/living lightning (14)]
 39772 | Abyss:3  | HP: 23/166 [earth elemental (5)]
 39777 | Abyss:3  | HP: 15/166 [earth elemental (9)]
 39796 | Abyss:3  | HP: 14/166 [starcursed mass/accursed screaming (6)]
 39809 | Shoals:3 | Escaped the Abyss
 39809 | Shoals:3 | HP: 7/166 [merfolk impaler/trident of distortion (4)]
 39810 | Shoals:3 | HP: 3/166 [merfolk impaler/trident of distortion (4)]
 39820 | Shoals:3 | Zin protects you from harm!
 41277 | Spider:4 | Entered Level 4 of the Spider Nest
 41367 | Spider:4 | Found a frozen archway.
 41399 | IceCv    | Entered an ice cave
 41431 | IceCv    | Reached skill level 16 in Long Blades
 42759 | Spider:4 | Reached skill level 17 in Long Blades
 43026 | Spider:4 | Paralysed by a hornet for 1 turns
 43681 | Spider:4 | Reached skill level 18 in Long Blades
 43696 | Spider:4 | Got a gossamer rune of Zot
 44099 | Spider:4 | HP: 49/166 [poisoned by an emperor scorpion]
 44104 | Spider:4 | HP: 47/166 [poisoned by an emperor scorpion]
 44109 | Spider:4 | HP: 46/166 [poisoned by an emperor scorpion]
 44115 | Spider:4 | HP: 45/166 [poisoned by an emperor scorpion]
 44122 | Spider:4 | HP: 45/166 [poisoned by an emperor scorpion]
 44130 | Spider:4 | HP: 46/166 [poisoned by an emperor scorpion]
 45142 | Vaults:1 | Entered Level 1 of the Vaults
 45331 | Vaults:1 | Reached skill level 19 in Long Blades
 45634 | Vaults:1 | Reached XP level 19. HP: 161/172 MP: 24/27
 45693 | Vaults:1 | HP: 47/172 [two-headed ogre/giant club (9)]
 45706 | Vaults:1 | HP: 36/172 [ogre mage/bolt of lightning (16)]
 45729 | Vaults:1 | HP: 40/172 [two-headed ogre/dire flail (5)]
 45738 | Vaults:1 | HP: 37/172 [two-headed ogre/giant club (6)]
 45742 | D:14     | HP: 11/172 [two-headed ogre/giant club (11)]
 46377 | Vaults:1 | Paralysed by an ogre mage for 3 turns
 47196 | Vaults:1 | Reached skill level 20 in Long Blades
 48600 | Vaults:1 | HP: 50/174 [deep troll[an ironheart preserver] (3)]
 49191 | Vaults:2 | Found Etio's Weapon Shoppe.
 49395 | Vaults:2 | Reached skill level 17 in Fighting
 49471 | Vaults:2 | Reached skill level 17 in Armour
 50185 | Vaults:2 | Found a staircase to the Crypt.
 50191 | Vaults:2 | Identified the +3 scale mail of Nocs {Str+4 Dex+9} (You found it on level 2 of the Vaults)
 51602 | Vaults:3 | Reached skill level 18 in Fighting
 51602 | Vaults:3 | Reached skill level 18 in Armour
 51602 | Vaults:3 | Reached XP level 20. HP: 168/187 MP: 24/28
 51691 | Vaults:3 | HP: 56/188 [something/bolt of lightning (16)]
 51763 | Vaults:3 | HP: 50/188 [yaktaur/bolt (14)]
 52835 | Vaults:4 | Found Qazun's Antique Weapon Boutique.
 52838 | Vaults:4 | --Sod's law the plutonium sword turns up in a Zin game!
 52838 | Vaults:4 | Bought a faintly glowing scimitar for 234 gold pieces
 52838 | Vaults:4 | Identified the +2 scimitar of Neusol {drain, rElec rF+} (You bought it in a shop on level 4 of the Vaults)
 52872 | Vaults:4 | Noticed Margery
 52904 | Vaults:4 | Killed Margery
 53444 | Vaults:4 | Reached skill level 19 in Fighting
 53444 | Vaults:4 | Reached skill level 19 in Armour
 53484 | Vaults:4 | HP: 42/191 [flayed ghost/flay_damage (22)]
 53489 | Vaults:4 | HP: 24/191 [stone giant (5)]
 54884 | Shoals:4 | Entered Level 4 of the Shoals
 55002 | Shoals:4 | Got a barnacled rune of Zot
 55577 | Shoals:4 | Noticed Mara
 55883 | Shoals:4 | Got an iridescent great sword
 55884 | Shoals:4 | Identified the +9 great sword of Xuicw {slice, rPois rN+ Int+8} (You found it on level 4 of the Shoals)
 55885 | Shoals:4 | --Not too shabby!
 56023 | Shoals:4 | Noticed Ilsuiw
 56040 | Shoals:4 | Reached skill level 20 in Fighting
 56040 | Shoals:4 | Reached skill level 20 in Armour
 56065 | Shoals:4 | Killed Ilsuiw
 56340 | Shoals:4 | Upgraded the game from 0.22-a0-303-g4a852b3 to 0.22-a0-305-gd21a89c
 56350 | Shoals:4 | Killed Mara
 57103 | Crypt:1  | Entered Level 1 of the Crypt
 57140 | Crypt:1  | Found a transporter.
 57150 | Crypt:1  | Reached XP level 21. HP: 192/201 MP: 27/29
 57985 | Crypt:1  | HP: 59/202 [freezing wraith (7)]
 57991 | Crypt:1  | HP: 24/202 [ghoul (8)]
 58543 | Crypt:1  | Found a transporter.
 58613 | Crypt:1  | Reached skill level 21 in Fighting
 58635 | Crypt:1  | Reached skill level 21 in Armour
 58940 | Crypt:1  | Noticed an ancient lich
 58978 | Crypt:1  | HP: 46/204 [??? (28)]
 60559 | Crypt:2  | Noticed Boris
 60591 | Crypt:2  | Killed Boris
 60835 | Crypt:3  | Entered Level 3 of the Crypt
 61318 | Crypt:3  | Reached skill level 22 in Fighting
 61324 | Crypt:3  | Reached skill level 22 in Armour
 61601 | Crypt:3  | Reached XP level 22. HP: 127/215 MP: 18/30
 62031 | Crypt:3  | Found a staircase to the Tomb.
 62541 | Crypt:3  | Reached skill level 1 in Translocations
 62673 | Crypt:3  | Reached skill level 2 in Translocations
 62693 | Crypt:3  | Reached skill level 13 in Invocations
 62846 | Crypt:3  | Found a basalt altar of Yredelemnul.
 63046 | Crypt:3  | Reached skill level 3 in Translocations
 63186 | Crypt:3  | Identified the cursed +1 plate armour of Least Resistance {rElec Str+2} (You found it on level 3 of the Crypt)
 63202 | Crypt:3  | Got a flickering tin ring
 63203 | Crypt:3  | Identified the ring "Uxeoloewue" {+Fly rElec rPois Str-5 Stlth+} (You found it on level 3 of the Crypt)
 63419 | Crypt:3  | Identified the Reference Book on Evil Arts
 64131 | Elf:1    | Entered Level 1 of the Elven Halls
 64162 | Elf:1    | Reached skill level 4 in Translocations
 64173 | Elf:1    | Found a ruined gateway.
 64182 | Desolati | Entered the Desolation of Salt
 64434 | Desolati | Got a transparent lapis lazuli ring
 64444 | Desolati | Identified the ring "Fifepu" {Str+2 SInv} (You found it in the Desolation of Salt)
 64591 | Desolati | Got a translucent ivory amulet
 64594 | Desolati | Identified the amulet "Dorrott" {*Contam +Rage rPois rC+ Int+6} (You found it in the Desolation of Salt)
 64620 | Desolati | Reached skill level 5 in Translocations
 64627 | Desolati | Reached skill level 14 in Invocations
 64716 | Desolati | Got a warped steel ring
 64776 | Desolati | Got a scintillating marble ring
 64779 | Desolati | Identified the Handbook of Intoxication and the Entourage
 64815 | Desolati | Identified the Disquisition on the Oath
 64817 | Desolati | Identified the ring "Okho" {Wiz rF- rN+ Str+4 Dex+4} (You found it in the Desolation of Salt)
 64818 | Desolati | Identified the ring "Momacec" {rCorr rPois rC+ Str+4 Dex+3} (You found it in the Desolation of Salt)
 65386 | Desolati | Reached skill level 6 in Translocations
 65878 | Elf:1    | Noticed Donald
 65888 | Elf:1    | Killed Donald
 65918 | Elf:1    | --rare to pass up on +2 crystal plate!
 66210 | Elf:1    | Noticed Louise
 66224 | Elf:1    | Killed Louise
 66224 | Elf:1    | Reached XP level 23. HP: 211/223 MP: 33/33
 66444 | Elf:1    | Reached skill level 15 in Invocations
 66666 | Elf:1    | Reached skill level 7 in Translocations
 67004 | Elf:2    | Found Lewuebecw's Assorted Antiques.
 67236 | Elf:2    | Found a huge runed gate.
 67236 | Elf:2    | Found a huge runed gate.
 67236 | Elf:2    | Found a huge runed gate.
 67236 | Elf:2    | Found a huge runed gate.
 67236 | Elf:2    | Found a huge runed gate.
 67581 | Elf:2    | Reached skill level 8 in Translocations
 67824 | Elf:2    | Bought smoking pearl dragon scales for 3726 gold pieces
 67825 | Elf:2    | Identified the +0 pearl dragon scales of Fanaticism {rElec rF+ rN+} (You bought it in a shop on level 2 of the Elven Halls)
 67826 | Elf:2    | --damn what rubbish PDA!
 68246 | Elf:3    | Entered Level 3 of the Elven Halls
 68992 | Elf:3    | Reached skill level 16 in Invocations
 69016 | Elf:3    | HP: 65/223 [deep elf master archer/arrow (13)]
 69404 | Elf:3    | Reached skill level 9 in Translocations
 69690 | Elf:3    | Got a shimmering silver ring
 69815 | Elf:3    | Reached skill level 13 in Throwing
 69815 | Elf:3    | Reached skill level 1 in Spellcasting
 70177 | Elf:3    | Reached skill level 2 in Spellcasting
 70267 | Elf:3    | Got a fine glass ring
 70473 | Elf:3    | Identified Ofru Qes's Compendium of Freezing Fire
 70518 | Elf:3    | Identified the Collected Works on Ashen Battle Magic
 70523 | Elf:3    | Identified the Collected Works on Poison and the Blaze
 70548 | Elf:3    | Identified the ring of Batipsum {rCorr rElec rF+ Slay+2} (You took it off a deep elf master archer on level 3 of the Elven Halls)
 70549 | Elf:3    | Identified the ring "Lohyum" {Ice *Slow rElec MP+9 SInv} (You took it off a deep elf blademaster on level 3 of the Elven Halls)
 71089 | Depths:1 | Entered Level 1 of the Depths
 71104 | Depths:1 | Found a gateway to Hell.
 71271 | Depths:1 | Reached skill level 3 in Spellcasting
 71964 | Depths:1 | Reached skill level 4 in Spellcasting
 72102 | Depths:1 | Reached skill level 14 in Throwing
 72122 | Depths:1 | Reached skill level 1 in Summonings
 72288 | Depths:1 | Identified the Tome of the Compass
 72371 | Depths:1 | Reached XP level 24. HP: 225/231 MP: 34/34
 72377 | Depths:1 | Reached skill level 2 in Summonings
 72588 | Depths:2 | Reached skill level 3 in Summonings
 73215 | Depths:2 | Reached skill level 4 in Summonings
 73660 | Depths:3 | Learned a level 3 spell: Portal Projectile
 73664 | Depths:3 | Learned a level 3 spell: Spectral Weapon
 73883 | Depths:2 | Reached skill level 15 in Throwing
 74216 | Depths:2 | Reached skill level 5 in Summonings
 74695 | Depths:3 | Reached skill level 6 in Summonings
 74727 | Depths:3 | HP: 66/231 [acid (4)]
 74732 | Depths:3 | HP: 46/231 [something (16)]
 75238 | Depths:3 | Noticed a juggernaut
 75266 | Depths:3 | HP: 57/231 [frost giant/bolt of cold (31)]
 75647 | Depths:2 | Killed a juggernaut
 75780 | Depths:3 | Reached skill level 16 in Throwing
 75785 | Depths:3 | Got a transparent zirconium amulet
 75789 | Depths:3 | Identified the amulet of Xom's Whimsicality {+Rage rElec rN+} (You took it off a spriggan defender on level 3 of the Depths)
 75833 | Depths:3 | Reached skill level 7 in Summonings
 75858 | Depths:3 | Reached skill level 1 in Hexes
 75858 | Depths:3 | Reached skill level 1 in Charms
 75872 | Depths:3 | HP: 41/231 [deep elf annihilator/iron shot[a deep elf high priest] (53)]
 75872 | Depths:3 | HP: 3/231 [Hell Sentinel/iron shot[a deep elf high priest] (38)]
 76007 | Depths:3 | HP: 63/231 [vampire knight/enchanted war axe (17)]
 76262 | Depths:3 | Reached skill level 2 in Hexes
 76262 | Depths:3 | Reached skill level 2 in Charms
 76580 | Depths:3 | HP: 68/231 [acid (4)]
 77156 | Depths:3 | Reached skill level 3 in Hexes
 77156 | Depths:3 | Reached skill level 3 in Charms
 77537 | Depths:3 | Reached XP level 25. HP: 160/238 MP: 21/34
 77705 | Depths:3 | Reached skill level 5 in Spellcasting
 77705 | Depths:3 | Reached skill level 4 in Hexes
 77705 | Depths:3 | Reached skill level 4 in Charms
 78707 | Depths:3 | Reached skill level 5 in Hexes
 78707 | Depths:3 | Reached skill level 5 in Charms
 79001 | Depths:3 | Identified the Volume of Augmentations and the Frostbite
 79078 | Depths:3 | Learned a level 2 spell: Swiftness
 79698 | Depths:4 | Reached skill level 6 in Charms
 79728 | Depths:3 | Reached skill level 6 in Hexes
 79860 | Depths:3 | Reached skill level 6 in Spellcasting
 80044 | Depths:4 | Found a one-way gate to the infinite horrors of the Abyss.
 80055 | Depths:4 | Found Sajacoth's Armour Shoppe.
 80285 | Depths:4 | Found a gateway to a ziggurat.
 80293 | Depths:4 | Found Vamay's General Store.
 80400 | Depths:4 | HP: 43/238 [ice dragon/blast of cold (29)]
 80836 | Depths:4 | Reached skill level 7 in Charms
 80938 | Depths:4 | Reached skill level 7 in Hexes
 81189 | Depths:4 | Found a runed door.
 81479 | Depths:4 | Found a runed door.
 81730 | Depths:4 | Got a crystal dagger
 81767 | Depths:4 | Identified the +4 dagger "Gorice's Death" {pierce, rN+} (You found it on level 4 of the Depths)
 82654 | Depths:5 | Entered Level 5 of the Depths
 82724 | Depths:4 | Reached XP level 26. HP: 188/246 MP: 31/34
 83162 | Depths:5 | Reached skill level 8 in Hexes
 83267 | Depths:4 | Reached skill level 7 in Spellcasting
 83267 | Depths:4 | Reached skill level 8 in Charms
 83780 | Depths:5 | Reached skill level 9 in Hexes
 84088 | Depths:5 | Found a gate to the Realm of Zot.
 85043 | Vaults:5 | Entered Level 5 of the Vaults
 85134 | Vaults:4 | Reached skill level 10 in Hexes
 85194 | Vaults:4 | Reached skill level 9 in Charms
 85314 | Vaults:5 | HP: 69/246 [vault guard/long sword (5)]
 85319 | Vaults:4 | HP: 56/246 [yaktaur captain/bolt (16)]
 86248 | Vaults:4 | Reached skill level 11 in Hexes
 86266 | Vaults:5 | Noticed an ancient lich
 86275 | Vaults:4 | Reached skill level 8 in Spellcasting
 86283 | Vaults:4 | Learned a level 3 spell: Tukima's Dance
 86395 | Vaults:4 | Killed an ancient lich
 86703 | Vaults:5 | Noticed an ancient lich
 86928 | Vaults:5 | Noticed an ancient lich
 86939 | Vaults:4 | Killed an ancient lich
 86939 | Vaults:4 | Reached skill level 12 in Hexes
 87553 | Vaults:4 | Killed an ancient lich
 87871 | Vaults:4 | Reached skill level 9 in Spellcasting
 88510 | Vaults:4 | Reached skill level 11 in Dodging
 88907 | Vaults:4 | Reached XP level 27. HP: 242/254 MP: 34/35
 89733 | Vaults:5 | Got a faintly glowing bronze amulet
 89734 | Vaults:5 | Identified the amulet of the Lizard {-Tele +Inv rElec rN+ Regen+} (You found it on level 5 of the Vaults)
 89812 | Vaults:5 | Identified the +1 chain mail of the Pirate {MP+9 Slay+3} (You found it on level 5 of the Vaults)
 90117 | Vaults:5 | Reached skill level 12 in Dodging
 90322 | Vaults:5 | Got a shimmering jade amulet
 90325 | Vaults:5 | Identified the amulet "Ivvej" {Regen+ Str+3 Int-4} (You took it off a tengu reaver on level 5 of the Vaults)
 90466 | Vaults:5 | Got a silver rune of Zot
 90699 | Vaults:5 | Got a flickering ivory ring
 90700 | Vaults:5 | Identified the ring "Wujaory" {rPois rN+ Dex+4 SInv Stlth+} (You found it on level 5 of the Vaults)
 90725 | Vaults:5 | Identified the Almanac of Glacial Intoxication
 91313 | Lair:1   | Got a pair of slimy gloves
 91314 | Lair:1   | Identified the -7 pair of gloves of Kackeresch {rN+} (You acquired it on level 1 of the Lair of Beasts)
 91681 | Depths:4 | Bought the +3 pair of gloves "Ifuemiol" {rPois MR+ rCorr Int+4} for 905 gold pieces
 92138 | Shoals:3 | Bought a scroll of enchant armour for 217 gold pieces
 92607 | Zot:1    | Entered Level 1 of the Realm of Zot
 92611 | Zot:1    | Reached skill level 10 in Spellcasting
 92637 | Zot:1    | Reached skill level 1 in Air Magic
 92678 | Zot:1    | Reached skill level 2 in Air Magic
 92773 | Zot:1    | Reached skill level 13 in Dodging
 92800 | Zot:1    | Reached skill level 3 in Air Magic
 93355 | Zot:2    | Reached skill level 4 in Air Magic
 93550 | Zot:2    | Reached skill level 14 in Dodging
 93562 | Zot:2    | Reached skill level 5 in Air Magic
 94057 | Zot:2    | Reached skill level 6 in Air Magic
 94058 | Zot:2    | Identified the cursed -2 hat of Vehumet's Condemnation {rPois Str-3 Int+8 Stlth+} (You found it on level 2 of the Realm of Zot)
 94551 | Zot:3    | Reached skill level 15 in Dodging
 94670 | Zot:3    | Reached skill level 7 in Air Magic
 94970 | Zot:3    | Reached skill level 16 in Dodging
 95155 | Zot:3    | Reached skill level 8 in Summonings
 95499 | Zot:3    | Reached skill level 9 in Summonings
 97065 | Zot:4    | Identified the +3 scale mail "Wuskenk" {rF++ rC- Stlth+} (You acquired it on level 4 of the Realm of Zot)
 97388 | Zot:5    | Entered Level 5 of the Realm of Zot
 98716 | Zot:5    | Reached skill level 17 in Invocations
 98766 | Zot:5    | HP: 45/256 [Orb Guardian (36)]
 98776 | Zot:5    | HP: 52/256 [Orb Guardian (4)]
 99347 | Zot:5    | Reached skill level 23 in Fighting
 99347 | Zot:5    | Reached skill level 23 in Armour
 99388 | Zot:5    | Noticed an ancient lich
 99410 | Zot:5    | Killed an ancient lich
 99418 | Zot:5    | Noticed an orb of fire
 99432 | Zot:5    | Killed an orb of fire
 99458 | Zot:5    | HP: 58/258 [??? (33)]
 99489 | Zot:5    | Noticed an ancient lich
 99492 | Zot:5    | Noticed an ancient lich
 99498 | Zot:5    | Killed an ancient lich
 99845 | Zot:5    | Killed an ancient lich
 99917 | Zot:5    | Noticed an orb of fire
 99941 | Zot:5    | Killed an orb of fire
100301 | Zot:5    | Noticed an orb of fire
100304 | Zot:5    | Noticed an ancient lich
100309 | Zot:5    | Noticed an orb of fire
100310 | Zot:5    | Noticed an orb of fire
100319 | Zot:5    | Killed an orb of fire
100325 | Zot:5    | Killed an orb of fire
100333 | Zot:5    | Killed an ancient lich
100333 | Zot:5    | Reached skill level 18 in Invocations
100350 | Zot:5    | Killed an orb of fire
100474 | Zot:5    | Noticed an orb of fire
100478 | Zot:5    | Killed an orb of fire
100483 | Zot:5    | Noticed an orb of fire
100493 | Zot:5    | Killed an orb of fire
100938 | Zot:5    | Noticed an orb of fire
100942 | Zot:5    | Killed an orb of fire
100942 | Zot:5    | Reached skill level 24 in Fighting
100942 | Zot:5    | Reached skill level 24 in Armour
101405 | Zot:5    | Got the Orb of Zot
101665 | Depths:5 | Noticed Oha Roqe the pandemonium lord
101769 | Depths:1 | Noticed Vusym Vecw the pandemonium lord
102082 | D:7      | Noticed Kysmicwietz the pandemonium lord
102101 | D:7      | HP: 77/264 [???[Kysmicwietz] (44)]
102104 | D:7      | HP: 33/264 [???[Kysmicwietz] (17)]
102107 | D:6      | HP: 8/264 [ice devil (12)]
102256 | D:$      | Escaped with the Orb!

Vault maps used:
D:1:      dpeg_arrival_connections, minmay_unequal
D:2:      overflow_temple_1_default, chequers_ecumenical_altar_twisty
D:3:      portal_sewer_entry_c
D:4:      kennysheep_goblin_castle, old_standard_altar,
          overflow_temple_1_default, minivault_26, corexii_corridor_pit,
          hangedman_decor_push, st_stairs_2, minmay_misc_feat_pillars,
          minmay_misc_feat_four_crosses, serial_bayou_lagoon_a,
          uniq_blork_the_orc
D:5:      lemuel_zombie_altar_kikubaaqudgha, zin_statuary,
          overflow_temple_1_default, gammafunk_temple_overflow_elements,
          first_ration, uniq_edmund, uniq_grinder, uniq_pikel
D:6:      serial_undead, serial_undead_a, serial_undead_c, serial_undead_d,
          serial_undead_d, serial_bayou_pond_a, tso_altar
D:7:      temple_pool_b, grunt_decor_mini_mirrors
D:8:      lemuel_round_altar, overflow_temple_1_default,
          minmay_lair_entry_grove, basic_altar, david_nohive_1,
          nicolae_ru_awakened_eye
D:9:      hiddenorc1_lemuel, serial_shops, shop, okawaru_gym_becter
D:10:     minmay_misc_feat_five
D:13:     minivault_16, uniq_sonja
D:14:     grunt_vaults_entry_tiered, serial_shops,
          nicolae_shop_temple_entry_statues_fountains, nooodl_food_tri,
          uniq_agnes
D:15:     grunt_enter_depths_magical_seal
Temple:   kb_corrupted_temple
Lair:1:   lemuel_ratsnest, beast_lair_carwin_4
Lair:2:   elwin_shoals_entry_rocks
Lair:3:   dummy_spider_entry
Lair:4:   beast_lair_carwin_7, grunt_megastairs_2
Lair:5:   slime_altar_2, infiniplex_staircase_pool_2
Lair:6:   grunt_lair_end_beastmaster, st_stairs_12
Shoals:1: serial_shops, shop
Shoals:2: uniq_polyphemus, uniq_roxanne
Shoals:3: serial_shops, nicolae_shop_waterfront,
          nicolae_shoals_arrival_archipelago
Shoals:4: shoals_end_grunt_ice, shoals_ilsuiw_ice, uniq_mara
Spider:1: spider_trap, uniq_aizul
Spider:2: einodemon_crawler_minivault
Spider:3: spider_trap, nicolae_spider_cling_halls
Spider:4: guppyfry_spider_rune, portal_ice_cave_entry_ice_statue_two,
          nicolae_spider_webs_and_nodes, nicolae_crawler_farm
Orc:2:    pf_orc_diabolical, uniq_saint_roka, uniq_azrael
Elf:1:    portal_desolation_entry_nicolae_nacl, kennysheep_underground_church,
          billiards_dpeg, uniq_louise, uniq_donald
Elf:2:    serial_shops, shop, solitary_fountain
Elf:3:    elf_hall
Vaults:1: vaults_mumra_bighexcomb, hangedman_vaults_stagger,
          nicolae_vaults_little_squares_4, grunt_vaults_hallway_short,
          hangedman_vaults_stream, hangedman_vaults_corner, v_misc_8,
          vaults_room_door_hall, v_misc_13, grunt_vaults_twisty,
          nicolae_vaults_big_ls
Vaults:2: vaults_dpeg_doors, blue_anna_dwarven_crypt, hangedman_vaults_slice,
          v_alt_pattern_4, vaults_room_hallway, hangedman_vaults_capsules,
          hangedman_vaults_impose, serial_shops, shop
Vaults:3: nicolae_vaults_puzzle_piece, nicolae_vaults_asterisk, st_lines,
          v_pattern_4, nicolae_vaults_windows_and_doors_thing, vaults_room_grid,
          nicolae_vaults_little_squares_6, vaults_room_corners,
          nicolae_vaults_network_square, vaults_room_fours, v_misc_23,
          vaults_dpeg_encased_lava
Vaults:4: vaults_room_pool, nicolae_vaults_shelves_hall,
          hangedman_vaults_corner_blocks, nicolae_vaults_little_ls,
          grunt_vaults_hallway_short, vaults_mumra_hexcomb,
          nicolae_vaults_network_star, ontoclasm_vaults_pinch, v_misc_33,
          hangedman_vaults_restitches, vaults_room_fancy_cross,
          ontoclasm_vaults_ligature, vaults_standard_mumra_x,
          ontoclasm_vaults_gateway, serial_shops, nicolae_shop_window_shopping,
          uniq_margery
Vaults:5: serial_shops
Crypt:1:  gammafunk_dig_for_victory, grunt_crypt_arrival_webbed
Crypt:2:  uniq_boris
Crypt:3:  church_of_pain_bobbens, weyrava_ghost_lake
Depths:1: hangedman_abyss_or_decor_stagger, hellmouth_3,
          hangedman_research_quantum
Depths:2: cheibrodos_quadrivalence, hell_entry
Depths:3: grunt_runaround, serial_shops, hell_entry, pan_entry
Depths:4: cheibrodos_witchhunters_guild, enter_ziggurat_d, minivault_11,
          hell_entry, abyss_entry, serial_shops, kennysheep_little_box,
          shop_statue, infiniplex_staircase_pillars_1
Depths:5: evilmike_zot_entry_diamond, grunt_pan_entry_sceptre, hell_entry,
          hangedman_abyss_or_decor_passed
Abyss:3:  grunt_abyss_rune_forest_and_sorcery
Sewer:    sewer_co_15_rooms
IceCv:    ice_cave_tombish

Skill      XL: |  1  2  3  4  5  6  7  8  9 10 11 12 13 14 15 16 17 18 19 20 21 22 23 24 25 26 27 |
---------------+----------------------------------------------------------------------------------+-----
Long Blades    | 4 5 6 8 9 11 12 14 19 20 | 20.0
Armour         | 2 6 9 12 14 16 18 20 22 24 | 24.4
Fighting       | 8 11 14 16 18 20 22 24 | 24.4
Invocations    | 1 8 11 12 14 16 18 | 18.8
Throwing       | 8 12 14 16 | 16.0
Evocations     | 6 9 11 12 | 12.0
Dodging        | 5 10 11 16 | 16.0
Translocations | 6 9 |  9.0
Spellcasting   | 4 6 9 10 | 10.0
Summonings     | 1 7 9 |  9.1
Hexes          | 3 7 12 | 12.0
Charms         | 3 7 9 |  9.0
Air Magic      | 7 |  7.0

Action                   |  1- 3 |  4- 6 |  7- 9 | 10-12 | 13-15 | 16-18 | 19-21 | 22-24 | 25-27 || total
-------------------------+-------+-------+-------+-------+-------+-------+-------+-------+-------++-------
Melee: Long sword        |    70 |   131 |   259 |   418 |       |       |       |       |       ||   878
       Headbutt          |     9 |    33 |    83 |   271 |   458 |   404 |   641 |   472 |   679 ||  3050
       Dagger            |       |    40 |   102 |   194 |       |       |       |       |       ||   336
       Scimitar          |       |       |       |   522 |  1652 |  1463 |   384 |       |       ||  4021
       Short sword       |       |       |       |    13 |    17 |       |       |       |       ||    30
       Great sword       |       |       |       |       |       |       |  1902 |  1685 |  2288 ||  5875
 Fire: Hunting sling     |       |    15 |    53 |    12 |       |       |       |       |       ||    80
       Blowgun           |       |       |       |       |       |       |       |       |    18 ||    18
Throw: Stone             |     5 |    14 |       |     5 |       |       |       |       |       ||    24
       Javelin           |       |       |       |     8 |     4 |    15 |     7 |   115 |   193 ||   342
       Tomahawk          |       |       |       |    45 |    98 |   299 |   168 |   331 |       ||   941
       Throwing net      |       |       |       |       |       |       |     2 |       |       ||     2
 Cast: Blink             |       |       |       |       |       |       |       |     3 |    15 ||    18
       Apportation       |       |       |       |       |       |       |       |     1 |     4 ||     5
       Spectral Weapon   |       |       |       |       |       |       |       |       |     6 ||     6
       Summon Butterflie |       |       |       |       |       |       |       |       |     2 ||     2
       Portal Projectile |       |       |       |       |       |       |       |       |     1 ||     1
Invok: Recite            |       |       |       |       |     9 |     3 |     2 |       |       ||    14
       Sanctuary         |       |       |       |       |       |     1 |       |       |       ||     1
       Vitalisation      |       |       |       |       |       |     1 |       |     1 |     1 ||     3
       Imprison          |       |       |       |       |       |       |     2 |     7 |    14 ||    23
 Abil: Evoke Flight      |       |       |       |       |       |       |       |     3 |       ||     3
       Stop Flying       |       |       |       |       |       |       |       |     1 |       ||     1
Evoke: Wand              |       |       |     4 |     4 |     2 |    24 |     1 |       |     1 ||    36
  Use: Scroll            |     5 |     6 |     8 |     6 |     5 |    11 |    12 |    20 |    34 ||   107
       Potion            |       |     2 |       |     2 |     5 |    17 |       |     2 |    13 ||    41
 Stab: Paralysed         |       |       |     5 |     6 |     4 |    18 |       |       |       ||    33
       Invisible         |       |       |       |     1 |     4 |     3 |       |       |       ||     8
       Petrified         |       |       |       |       |     5 |     3 |       |       |       ||     8
       Petrifying        |       |       |       |       |     1 |       |       |       |       ||     1
       Confused          |       |       |       |       |     3 |       |       |       |       ||     3
       Fleeing           |       |       |       |       |       |       |     1 |       |       ||     1
       Distracted        |       |       |       |       |       |       |       |       |     1 ||     1
  Eat: Chunk             |     1 |     7 |    14 |    24 |    25 |    27 |    10 |     1 |    29 ||   138
       Ration            |       |       |     1 |     3 |     4 |     6 |    14 |    16 |    15 ||    59
Armor: Scale mail        |    34 |    77 |    48 |       |       |       |       |       |       ||   159
       Chain mail        |       |       |    31 |    79 |  1158 |  1484 |  1665 |  1244 |  1041 ||  6702
       Plate armour      |       |       |    96 |   652 |       |       |       |       |       ||   748
       Crystal plate arm |       |       |       |       |       |       |       |       |   898 ||   898
Dodge: Dodged            |    43 |    97 |   134 |   338 |   678 |   995 |  1088 |   923 |  1363 ||  5659
       Rpst.: Long sword |     8 |    24 |    31 |    29 |       |       |       |       |       ||    92
       Scimitar          |       |       |       |    40 |   163 |   155 |    36 |       |       ||   394
       Great sword       |       |       |       |       |       |       |   166 |   215 |   249 ||   630

Table legend:
 A = Spawn XP
 B = Non-spawn XP
 C = Spawn XP percentage of total XP
 D = Spawn monster count
 E = Non-spawn monster count
 F = Spawn count percentage of total count
 G = Total turns spent on level
                    A         B        C        D         E        F      G
               +---------+---------+-------+---------+---------+-------+---------
         Total |   15081 | 1935202 |   0.8 |      27 |    2776 |   1.0 | 102256
               +---------+---------+-------+---------+---------+-------+---------
           D:1 |       0 |      33 |   0.0 |       0 |      22 |   0.0 |   868
           D:2 |       0 |      84 |   0.0 |       0 |      30 |   0.0 |  1158
           D:3 |       0 |     416 |   0.0 |       0 |      43 |   0.0 |  1346
           D:4 |       0 |     948 |   0.0 |       0 |      33 |   0.0 |  1291
           D:5 |       0 |    1863 |   0.0 |       0 |      28 |   0.0 |  1513
           D:6 |       0 |     928 |   0.0 |       0 |      22 |   0.0 |   538
           D:7 |       0 |    2106 |   0.0 |       0 |      28 |   0.0 |  1883
           D:8 |       0 |    2358 |   0.0 |       0 |      30 |   0.0 |  2332
           D:9 |       0 |    6435 |   0.0 |       0 |      63 |   0.0 |  3225
          D:10 |       0 |    2712 |   0.0 |       0 |      22 |   0.0 |   749
          D:11 |       0 |    4091 |   0.0 |       0 |      32 |   0.0 |  2038
          D:12 |       0 |    9251 |   0.0 |       0 |      56 |   0.0 |  1497
          D:13 |       0 |    7018 |   0.0 |       0 |      42 |   0.0 |  1447
          D:14 |       0 |   28472 |   0.0 |       0 |      80 |   0.0 |  3022
          D:15 |       0 |   18802 |   0.0 |       0 |      42 |   0.0 |  1155
        Lair:1 |       0 |    5110 |   0.0 |       0 |      52 |   0.0 |  2398
        Lair:2 |       0 |    5221 |   0.0 |       0 |      27 |   0.0 |  1499
        Lair:3 |       0 |    5544 |   0.0 |       0 |      18 |   0.0 |  1229
        Lair:4 |       0 |    6487 |   0.0 |       0 |      19 |   0.0 |   869
        Lair:5 |       0 |    4068 |   0.0 |       0 |      19 |   0.0 |   757
        Lair:6 |       0 |   19037 |   0.0 |       0 |      51 |   0.0 |  1410
      Shoals:1 |       0 |   12518 |   0.0 |       0 |      24 |   0.0 |  1268
      Shoals:2 |       0 |   20881 |   0.0 |       0 |      35 |   0.0 |  2507
      Shoals:3 |       0 |   16029 |   0.0 |       0 |      30 |   0.0 |  1414
      Shoals:4 |       0 |   40014 |   0.0 |       0 |      52 |   0.0 |  1489
      Spider:1 |       0 |   11061 |   0.0 |       0 |      26 |   0.0 |  1280
      Spider:2 |       0 |    9572 |   0.0 |       0 |      32 |   0.0 |  2063
      Spider:3 |       0 |   13853 |   0.0 |       0 |      32 |   0.0 |  1066
      Spider:4 |       0 |   38567 |   0.0 |       0 |      78 |   0.0 |  2862
         Orc:1 |       0 |    2670 |   0.0 |       0 |      27 |   0.0 |   716
         Orc:2 |       0 |   27160 |   0.0 |       0 |     103 |   0.0 |  3530
         Elf:1 |       0 |   20967 |   0.0 |       0 |      33 |   0.0 |  1140
         Elf:2 |       0 |   41464 |   0.0 |       0 |      60 |   0.0 |  1537
         Elf:3 |       0 |   54145 |   0.0 |       0 |      42 |   0.0 |  1949
      Vaults:1 |       0 |   55208 |   0.0 |       0 |     108 |   0.0 |  3163
      Vaults:2 |       0 |   40408 |   0.0 |       0 |      67 |   0.0 |  2476
      Vaults:3 |       0 |   35104 |   0.0 |       0 |      51 |   0.0 |  2196
      Vaults:4 |       0 |  174543 |   0.0 |       0 |     154 |   0.0 |  6144
      Vaults:5 |       0 |   34983 |   0.0 |       0 |      39 |   0.0 |  1110
       Crypt:1 |       0 |   56180 |   0.0 |       0 |      74 |   0.0 |  2346
       Crypt:2 |       0 |   43161 |   0.0 |       0 |      47 |   0.0 |  1359
       Crypt:3 |       0 |   79073 |   0.0 |       0 |     126 |   0.0 |  2429
      Depths:1 |       0 |   49639 |   0.0 |       0 |      78 |   0.0 |  1620
      Depths:2 |       0 |   35281 |   0.0 |       0 |      43 |   0.0 |  2445
      Depths:3 |       0 |  197499 |   0.0 |       0 |     126 |   0.0 |  5306
      Depths:4 |       0 |  108085 |   0.0 |       0 |     102 |   0.0 |  2619
      Depths:5 |       0 |   38203 |   0.0 |       0 |      41 |   0.0 |  1018
         Zot:1 |       0 |   43307 |   0.0 |       0 |      22 |   0.0 |   722
         Zot:2 |       0 |   65449 |   0.0 |       0 |      40 |   0.0 |  1251
         Zot:3 |       0 |   96708 |   0.0 |       0 |      54 |   0.0 |  1944
         Zot:4 |       0 |   41178 |   0.0 |       0 |      30 |   0.0 |  2106
         Zot:5 |       0 |  228460 |   0.0 |       0 |      70 |   0.0 |  3019
       Abyss:3 |   15081 |    1338 |  91.9 |      27 |       3 |  90.0 |   698
         Sewer |       0 |     276 |   0.0 |       0 |      22 |   0.0 |   816
         IceCv |       0 |    8224 |   0.0 |       0 |      24 |   0.0 |   638
    Desolation |       0 |   63010 |   0.0 |       0 |     122 |   0.0 |  1667
               +---------+---------+-------+---------+---------+-------+---------

Table legend:
 A = Turns spent in this place as a percentage of turns spent in the entire game.
 B = Non-inter-level travel turns spent in this place as a percentage of non-inter-level travel turns spent in the entire game.
 C = Inter-level travel turns spent in this place as a percentage of turns spent in this place.
 D = Turns resting spent in this place as a percentage of non-inter-level travel turns spent in this place.
 E = Turns spent auto-exploring this place as a percentage of non-inter-level travel turns spent in this place.
 F = Non-inter-level travel turns spent in this place divided by the number of levels of this place that you've seen.
                   A       B       C       D       E      F
               +-------+-------+-------+-------+-------+----------------------
         Total | 100.0 | 100.0 |   9.9 |  36.7 |  24.2 | 1616.0
       Dungeon |  23.5 |  21.0 |  19.8 |  31.6 |  32.3 | 1287.1
        Temple |   0.1 |   0.1 |  15.1 |   0.0 |  98.0 | 101.0
          Lair |   8.0 |   7.7 |  13.0 |  15.7 |  45.8 | 1182.8
        Shoals |   6.5 |   6.8 |   6.6 |  42.8 |  15.3 | 1560.0
   Spider Nest |   7.1 |   7.3 |   8.0 |  41.4 |  17.6 | 1671.5
  Orcish Mines |   4.2 |   4.1 |  12.1 |  43.3 |  20.9 | 1867.0
   Elven Halls |   4.5 |   4.7 |   5.6 |  20.7 |  39.6 | 1456.0
        Vaults |  14.8 |  15.4 |   5.9 |  47.3 |  20.2 | 2839.2
         Crypt |   6.0 |   6.3 |   5.3 |  30.4 |  20.9 | 1935.3
        Depths |  12.7 |  13.0 |   8.2 |  44.8 |  15.6 | 2387.4
           Zot |   8.8 |   9.6 |   2.4 |  39.5 |  22.0 | 1764.6
         Abyss |   0.7 |   0.8 |   0.0 |  48.9 |   0.0 | 698.0
         Sewer |   0.8 |   0.9 |   0.0 |  51.5 |   9.2 | 816.0
      Ice Cave |   0.6 |   0.7 |   0.0 |  32.1 |   0.0 | 638.0
    Desolation |   1.6 |   1.8 |   0.0 |  21.7 |   8.3 | 1667.0
               +-------+-------+-------+-------+-------+----------------------

Vault maps used:
D:1:      dpeg_arrival_connections, minmay_unequal
D:2:      overflow_temple_1_default, chequers_ecumenical_altar_twisty
D:3:      portal_sewer_entry_c
D:4:      kennysheep_goblin_castle, old_standard_altar,
          overflow_temple_1_default, minivault_26, corexii_corridor_pit,
          hangedman_decor_push, st_stairs_2, minmay_misc_feat_pillars,
          minmay_misc_feat_four_crosses, serial_bayou_lagoon_a,
          uniq_blork_the_orc
D:5:      lemuel_zombie_altar_kikubaaqudgha, zin_statuary,
          overflow_temple_1_default, gammafunk_temple_overflow_elements,
          first_ration, uniq_edmund, uniq_grinder, uniq_pikel
D:6:      serial_undead, serial_undead_a, serial_undead_c, serial_undead_d,
          serial_undead_d, serial_bayou_pond_a, tso_altar
D:7:      temple_pool_b, grunt_decor_mini_mirrors
D:8:      lemuel_round_altar, overflow_temple_1_default,
          minmay_lair_entry_grove, basic_altar, david_nohive_1,
          nicolae_ru_awakened_eye
D:9:      hiddenorc1_lemuel, serial_shops, shop, okawaru_gym_becter
D:10:     minmay_misc_feat_five
D:13:     minivault_16, uniq_sonja
D:14:     grunt_vaults_entry_tiered, serial_shops,
          nicolae_shop_temple_entry_statues_fountains, nooodl_food_tri,
          uniq_agnes
D:15:     grunt_enter_depths_magical_seal
Temple:   kb_corrupted_temple
Lair:1:   lemuel_ratsnest, beast_lair_carwin_4
Lair:2:   elwin_shoals_entry_rocks
Lair:3:   dummy_spider_entry
Lair:4:   beast_lair_carwin_7, grunt_megastairs_2
Lair:5:   slime_altar_2, infiniplex_staircase_pool_2
Lair:6:   grunt_lair_end_beastmaster, st_stairs_12
Shoals:1: serial_shops, shop
Shoals:2: uniq_polyphemus, uniq_roxanne
Shoals:3: serial_shops, nicolae_shop_waterfront,
          nicolae_shoals_arrival_archipelago
Shoals:4: shoals_end_grunt_ice, shoals_ilsuiw_ice, uniq_mara
Spider:1: spider_trap, uniq_aizul
Spider:2: einodemon_crawler_minivault
Spider:3: spider_trap, nicolae_spider_cling_halls
Spider:4: guppyfry_spider_rune, portal_ice_cave_entry_ice_statue_two,
          nicolae_spider_webs_and_nodes, nicolae_crawler_farm
Orc:2:    pf_orc_diabolical, uniq_saint_roka, uniq_azrael
Elf:1:    portal_desolation_entry_nicolae_nacl, kennysheep_underground_church,
          billiards_dpeg, uniq_louise, uniq_donald
Elf:2:    serial_shops, shop, solitary_fountain
Elf:3:    elf_hall
Vaults:1: vaults_mumra_bighexcomb, hangedman_vaults_stagger,
          nicolae_vaults_little_squares_4, grunt_vaults_hallway_short,
          hangedman_vaults_stream, hangedman_vaults_corner, v_misc_8,
          vaults_room_door_hall, v_misc_13, grunt_vaults_twisty,
          nicolae_vaults_big_ls
Vaults:2: vaults_dpeg_doors, blue_anna_dwarven_crypt, hangedman_vaults_slice,
          v_alt_pattern_4, vaults_room_hallway, hangedman_vaults_capsules,
          hangedman_vaults_impose, serial_shops, shop
Vaults:3: nicolae_vaults_puzzle_piece, nicolae_vaults_asterisk, st_lines,
          v_pattern_4, nicolae_vaults_windows_and_doors_thing, vaults_room_grid,
          nicolae_vaults_little_squares_6, vaults_room_corners,
          nicolae_vaults_network_square, vaults_room_fours, v_misc_23,
          vaults_dpeg_encased_lava
Vaults:4: vaults_room_pool, nicolae_vaults_shelves_hall,
          hangedman_vaults_corner_blocks, nicolae_vaults_little_ls,
          grunt_vaults_hallway_short, vaults_mumra_hexcomb,
          nicolae_vaults_network_star, ontoclasm_vaults_pinch, v_misc_33,
          hangedman_vaults_restitches, vaults_room_fancy_cross,
          ontoclasm_vaults_ligature, vaults_standard_mumra_x,
          ontoclasm_vaults_gateway, serial_shops, nicolae_shop_window_shopping,
          uniq_margery
Vaults:5: serial_shops
Crypt:1:  gammafunk_dig_for_victory, grunt_crypt_arrival_webbed
Crypt:2:  uniq_boris
Crypt:3:  church_of_pain_bobbens, weyrava_ghost_lake
Depths:1: hangedman_abyss_or_decor_stagger, hellmouth_3,
          hangedman_research_quantum
Depths:2: cheibrodos_quadrivalence, hell_entry
Depths:3: grunt_runaround, serial_shops, hell_entry, pan_entry
Depths:4: cheibrodos_witchhunters_guild, enter_ziggurat_d, minivault_11,
          hell_entry, abyss_entry, serial_shops, kennysheep_little_box,
          shop_statue, infiniplex_staircase_pillars_1
Depths:5: evilmike_zot_entry_diamond, grunt_pan_entry_sceptre, hell_entry,
          hangedman_abyss_or_decor_passed
Abyss:3:  grunt_abyss_rune_forest_and_sorcery
Sewer:    sewer_co_15_rooms
IceCv:    ice_cave_tombish
